 Dungeon Crawl Stone Soup version bcrawl-1.30.1 (webtiles) character file.

Game seed: 12132033428123941555

110402 CypherZel the Slasher (level 3, 22/23 HPs)
             Began as a Skeleton Reaver on Nov 26, 2020.
             Was a Follower of Vehumet.
             Quit the game on level 2 of the Dungeon on Mar 12, 2021.
             The game lasted 00:06:55 (1393 turns).

CypherZel the Slasher (Skeleton Reaver)             Turns: 1393, Time: 00:06:56

Health: 22/23      AC:  6    Str: 17    XL:     3   Next: 37%
Magic:  7/7        EV: 12    Int: 17    God:    Vehumet [*.....]
Gold:   77         SH:  0    Dex:  7    Spells: 8/8 levels left

rFire    + . .     SeeInvis .   a - +1 long sword
rCold    . . .     Gourm    .   (no shield)
rNeg     + + +     Faith    .   b - +0 steam dragon scales
rPois    ∞         Spirit   +   (no helmet)
rElec    .         Reflect  .   j - +0 cloak (curse)
rCorr    .         Harm     .   (no gloves)
MR       .....                  (no boots)
Stlth    +.........             (no amulet)
HPRegen  0.07/turn              h - ring "Etaekk" {Fire Int+4}
MPRegen  0.10/turn              i - ring of wizardry (curse)

@: no status effects
A: no food or potions, cold resistance 1, deterioration 1, negative energy
resistance 3, torment resistance, unbreathing, magic shield, sturdy frame 1,
spell healing
a: Renounce Religion


You were on level 2 of the Dungeon.
You worshipped Vehumet.
Vehumet was aware of your devotion.
You were not hungry.

You visited 1 branch of the dungeon, and saw 2 of its levels.

You collected 77 gold pieces.

Inventory:

Hand Weapons
 a - a +1 long sword (weapon)
Armour
 b - +0 steam dragon scales (worn)
 j - a cursed +0 cloak (worn)
Jewellery
 h - the ring "Etaekk" (left hand) {Fire Int+4}
   (You found it on level 1 of the Dungeon)

   [ring of fire]

   It enhances your fire magic.
   It affects your intelligence (+4).
   It protects you from fire.
   It makes you vulnerable to cold.
 i - a cursed ring of wizardry (right hand)
Scrolls
 c - 2 scrolls of immolation
 d - 2 scrolls of teleportation
 e - a scroll of identify
 f - a scroll of remove curse


   Skills:
 + Level 3.4 Fighting
 + Level 4.3 Long Blades
 + Level 3.5 Dodging
 + Level 3.1 Spellcasting


You had 8 spell levels left.
You didn't know any spells.
Your spell library contained the following spells:

 Spells                   Type           Power        Failure   Level  Hunger
 Sting                    Conj/Pois      #...         1%          1    N/A
 Iskenderun's Battlesphe  Conj/Chrm      #.......     38%         5    N/A

Dungeon Overview and Level Annotations

Branches:
Dungeon (2/12)

Altars:

Annotations:
D:2 Ijyb


Innate Abilities, Weirdness & Mutations

You do not eat or drink.
You are immune to poison.
Your flesh is cold resistant. (rC+)
Your body sometimes deteriorates upon taking damage.
You are immune to negative energy. (rN+++)
You are immune to unholy pain and torment.
You can survive without breathing.
When hurt, damage is shared between your health and your magic reserves.
Your movements are slightly less encumbered by armour. (ER -2)
Casting spells heals you.


Message History

The bat hits you but does no damage. The bat closely misses you.
The bat closely misses you. The bat closely misses you. x2
Press: ? - help, v - describe, . - travel, g - get item You see here 12 gold pieces.
Press: ? - help, v - describe, . - travel, g - get item You see here a small iron ring.
You closely miss the bat. The bat hits you but does no damage.
The bat barely misses you.
You hit the bat but do no damage. The bat hits you but does no damage.
You slash the bat!
You kill the bat!
Vehumet accepts your kill.
Unknown command.
Unknown command.
Unknown command.
Unknown command.
Unknown command.
Are you sure you want to abandon this character and quit the game? (Confirm with "yes".)

.......#..##
#............ .......#
... .# #<#
.......####.######..#.#)#
......#..........#.##.#.#
.....##............##.#.#
..####
#......####.#.###### ..8
#......#...........##
....
#...................$
.....
#.....@.....$...^....
.....g
#....................
.....g.
#.........=.....!....
#....................
######$..............
#........$......
##.....?........
##.....#.......
###########...


There were no monsters in sight!

Vanquished Creatures
  An ooze (D:1)
  A worm (D:1)
  2 dart slugs
  A leopard gecko (D:1)
  6 bats
  3 goblins
  7 hobgoblins
  2 quokkas (D:2)
  A frilled lizard (D:1)
  A kobold (D:1)
  3 rats (D:1)
28 creatures vanquished.

Notes
Turn   | Place    | Note
-------+----------+-------------------------------------------
     0 | D:1      | CypherZel the Skeleton Reaver began the quest for the Orb.
     0 | D:1      | Reached XP level 1. HP: 14/14 MP: 4/4
   221 | D:1      | Reached XP level 2. HP: 18/19 MP: 4/6
   317 | D:1      | Reached skill level 4 in Long Blades
   590 | D:1      | Got a vibrating golden ring
   976 | D:2      | Identified the ring "Etaekk" {Fire Int+4} (You found it on
                  | level 1 of the Dungeon)
  1038 | D:2      | Reached XP level 3. HP: 22/23 MP: 5/7
  1122 | D:2      | Noticed Ijyb
  1134 | D:1      | Reached * piety under Vehumet
  1134 | D:1      | Offered knowledge of Sting by Vehumet.
  1363 | D:2      | Upgraded the game from bcrawl-1.28 to bcrawl-1.30.1
  1393 | D:2      | Quit the game

Skill      XL: |  1  2 |
---------------+-------+-----
Long Blades    | 4 |  4.3
Fighting       | |  3.4
Dodging        | |  3.5
Spellcasting   | |  3.1

Action                   || total
-------------------------++-------
Melee: Long sword        ||    90
  Use: Scroll            ||     4
Armor: Steam dragon scal ||    39
Dodge: Dodged            ||    62
